Map: 锈化山巅-天梯版

Players

JieShi - Winner!

  • Race: Protoss Protoss

Yukki (ReWhite)

  • Race: Protoss Protoss
  • League: Master

Event: DreamHack SC2 Masters 2021 Winter

VOD

Have the link to the VOD?

Description

Time

  • Played on: Oct. 6, 2021, 8:47 a.m.
  • Length: 3:59

All games in this series

Show
View Real Time Build Order
Export as new Build Order

JieShi Protoss - Winner!

Build Orders:  

Get SALT Encoding   

  12  0:00  Probe  
  13  0:12  Probe  
  14  0:19  Pylon  
  14  0:24  Probe (Chrono Boost)  
  15  0:38  Gateway, Probe (Chrono Boost)  
  16  0:46  Probe (Chrono Boost)  
  16  0:49  Assimilator  
  17  0:53  Probe  
  18  0:57  Assimilator  
  18  1:05  Probe  
  20  1:22  Forge  
  20  1:24  Zealot (Chrono Boost)  
  20  1:25  Cybernetics Core  
  21  1:33  Pylon  
  21  1:42  Probe  
  22  1:51  Assimilator  
  22  1:54  Probe  
  22  1:55  Photon Cannon  
  23  2:02  Adept (Chrono Boost)  
  26  2:17  Gateway  
  26  2:20  Pylon  
  25  2:26  Shield Battery  
  23  2:40  Gateway  
  25  2:50  Adept, Pylon  
  25  2:51  Probe  
  26  3:03  Photon Cannon  
  26  3:08  Probe  
  27  3:14  Photon Cannon  
  29  3:29  Pylon  
  29  3:43  Pylon  
  29  3:46  Pylon  
  29  3:50  Shield Battery  
Show
View Real Time Build Order
Export as new Build Order

Yukki Protoss 

Build Orders:  

Get SALT Encoding   

  12  0:00  Probe  
  13  0:12  Probe  
  14  0:25  Probe  
  15  0:32  Pylon  
  15  0:51  Gateway  
  15  0:52  Gateway  
  15  0:57  Gateway  
  15  1:19  Pylon  
  15  1:20  Pylon  
  15  1:39  Zealot (Chrono Boost)  
  19  1:42  Zealot (Chrono Boost)  
  19  1:45  Zealot (Chrono Boost)  
  23  2:02  Zealot (Chrono Boost)  
  23  2:05  Zealot (Chrono Boost)  
  23  2:08  Zealot (Chrono Boost)  
  24  2:34  Pylon  
  22  2:40  Zealot  
  22  2:48  Zealot (Chrono Boost)  
  22  2:52  Zealot (Chrono Boost)  
  22  3:14  Zealot (Chrono Boost)  
  22  3:17  Zealot (Chrono Boost)  
  26  3:20  Zealot (Chrono Boost)  

Tags
 
Add a new tag
Caveats
  • Supply blocks, unpowered buildings, or Contaminate may cause inaccurate times.
  • Supply counts are checked every 10 seconds.